 Dungeon Crawl Stone Soup version 0.27-a0-1442-g87b6fcb595 (webtiles) character file.

Game seed: 14359100662158365364

55873 dolemite99 the Protected (level 14, -5/132 HPs)
             Began as a Minotaur Gladiator on July 5, 2021.
             Was an Elder of Lugonu.
             Slain by a manticore (20 damage)
             ... summoned by Kirke
             ... on level 12 of the Dungeon.
             The game lasted 00:35:53 (32903 turns).

dolemite99 the Protected (Minotaur Gladiator)      Turns: 32903, Time: 00:35:54

Health: -5/132     AC:  0    Str: 24    XL:     14   Next: 39%
Magic:  19/19      EV: 15    Int:  5    God:    Lugonu [****..]
Gold:   186        SH:  0    Dex: 12    Spells: 13/13 levels left

rFire    . . .     SeeInvis .   (weapon currently unavailable)
rCold    . . .     Faith    +   (shield currently unavailable)
rNeg     . . .     Spirit   .   (armour currently unavailable)
rPois    .         Reflect  .   (helmet currently unavailable)
rElec    .         Harm     .   (cloak currently unavailable)
rCorr    .         Rampage  .   (gloves currently unavailable)
Will     +....                  (boots currently unavailable)
Stlth    +.........             X - amulet of faith
HPRegen  0.32/turn              (ring currently unavailable)
MPRegen  0.16/turn              (ring currently unavailable)

@: pig-form, very quick
A: fast, no casting, small, (horns 2), (retaliatory headbutt)
a: Renounce Religion, Depart the Abyss, Bend Space, Banish, Corrupt


You were on level 12 of the Dungeon.
You worshipped Lugonu.
Lugonu was greatly pleased with you.
You were a filthy swine.
You visited 2 branches of the dungeon, and saw 18 of its levels.

You collected 1152 gold pieces.
You spent 966 gold pieces at shops.

Inventory:

Hand Weapons
 a - a +0 quarterstaff of flaming (melded)
 b - a +2 hand crossbow of flaming
 l - a +0 quarterstaff
 w - a +3 vorpal shortbow
Missiles
 g - 328 arrows
 p - 57 poisoned darts (quivered)
 t - 26 bolts
 T - 3 throwing nets
 U - 5 curare-tipped darts
Armour
 c - a +1 hat (melded)
 n - a +1 pair of gloves (melded)
 H - a +0 cloak (melded)
 R - +0 gold dragon scales (melded)
Jewellery
 d - a ring of willpower (melded)
 f - a ring of see invisible
 j - an amulet of magic regeneration
 m - a ring of flight
 q - an amulet of reflection
 r - a +4 ring of evasion (melded) {=R}
 x - a ring of poison resistance
 D - an amulet of guardian spirit
 E - a ring of protection from fire
 J - a ring of wizardry
 M - a ring of protection from fire
 X - an amulet of faith (around neck)
Wands
 i - a wand of charming (13)
 v - a wand of mindburst (7)
 y - a wand of paralysis (1)
 G - a wand of flame (16)
 Q - a wand of iceblast (17)
 V - a wand of polymorph (15)
Scrolls
 e - 5 scrolls of identify {@r1}
 h - 2 scrolls of fog
 s - a scroll of fear
 u - 4 scrolls of blinking
 I - 2 scrolls of silence
 L - a scroll of holy word
 W - 7 scrolls of teleportation
 Y - a scroll of magic mapping
Potions
 k - a potion of ambrosia
 o - a potion of mutation
 z - a potion of resistance
 A - 4 potions of magic
 B - a potion of heal wounds
 C - a potion of brilliance
 K - a potion of cancellation
 N - 7 potions of curing
 O - 3 potions of haste
 P - 2 potions of berserk rage
 S - 3 potions of flight
 Z - a potion of invisibility


   Skills:
 - Level 14.0 Fighting
 - Level 11.9 Staves
 - Level 5.0 Bows
 - Level 10.6 Crossbows
 - Level 3.5 Throwing
 - Level 14.7 Armour
 - Level 3.2 Dodging
 - Level 8.5 Invocations
 + Level 7.3 Evocations


You had 13 spell levels left.
You didn't know any spells.
Your spell library contained the following spells:

 Spells                   Type           Power      Damage    Failure   Level
 Beastly Appendage        Tmut           0%         N/A       47%         1
 Foxfire                  Conj/Fire      0%         2x1d4     47%         1
 Static Discharge         Conj/Air       0%         N/A       63%         2
 Wereblood                Tmut           0%         N/A       63%         2
 Conjure Flame            Conj/Fire      0%         6-21      85%         3
 Dazzling Flash           Conj/Hex       0%         N/A       85%         3
 Gell's Gravitas          Tloc           0%         N/A       85%         3
 Inner Flame              Hex/Fire       0%         N/A       85%         3
 Lesser Beckoning         Tloc           0%         N/A       85%         3
 Spider Form              Tmut/Pois      0%         N/A       85%         3
 Teleport Other           Tloc           0%         N/A       85%         3
 Cause Fear               Hex            0%         N/A       99%         4
 Dispel Undead            Necr           0%         3d6       99%         4
 Iskenderun's Mystic Bla  Conj/Tloc      0%         2d3       99%         4
 Petrify                  Tmut/Erth      0%         N/A       99%         4
 Sticky Flame             Conj/Fire      0%         2d3       99%         4
 Metabolic Englaciation   Hex/Ice        0%         N/A       100%        5
 Summon Forest            Summ/Tloc      0%         N/A       100%        5
 Summon Mana Viper        Hex/Summ       0%         N/A       100%        5
 Shadow Creatures         Summ           N/A        N/A       100%        6
 Starburst                Conj/Fire      0%         8x6d3     100%        6
 Statue Form              Tmut/Erth      0%         N/A       100%        6
 Discord                  Hex            0%         N/A       100%        8


Dungeon Overview and Level Annotations

Branches:
Dungeon (12/15)            Temple (0/1) D:6            Lair (6/6) D:10
  Swamp (0/4) Lair:3        Snake (0/4) Lair:2        Slime (0/5) Lair:6
    Orc (0/2) D:9

Altars:
Gozag
Nemelex Xobeh
Vehumet
Jiyva
Lugonu

Shops:
D:9 *:??   D:10 [

Annotations:
D:5 Pikel
D:12 Kirke
Lair:6 corrupted
Abyss:1 Joseph


Innate Abilities, Weirdness & Mutations

You are a filthy swine.
You move quickly.
Your equipment is almost entirely melded.
You are incapable of wielding weapons or throwing items.
You cannot cast spells.
((You have a pair of horns on your head.))
((You reflexively headbutt those who attack you in melee.))


Message History

Kirke is severely wounded.
Kirke casts a spell.
Kirke summons a sphinx!
You hit Kirke. You burn Kirke. Your headbutt misses Kirke.
Kirke is severely wounded.
Kirke mumbles some strange words.
Kirke summons a manticore!
You hit Kirke. You burn Kirke. Your headbutt misses Kirke.
Kirke is severely wounded.
The sphinx hits you but does no damage. x3
Kirke gestures at you while chanting.
You turn into a filthy swine.
Your +0 quarterstaff of flaming melds into your body.
Your +0 cloak melds into your body.
Your +1 hat melds into your body.
Your +1 pair of gloves melds into your body.
Your +0 gold dragon scales melds into your body.
Your +4 ring of evasion {=R} melds into your body.
Your ring of willpower melds into your body.
Your +0 quarterstaff of flaming stops flaming.
You bite Kirke!
Kirke is severely wounded.
The manticore bites you! The manticore claws you! The manticore claws you.
The sphinx closely misses you. The sphinx hits you! x2
You hit Kirke.
Kirke is almost dead.
Kirke hits you. The manticore misses you. The manticore barely misses you.
The manticore claws you!
The sphinx hits you! x2; The sphinx hits you.
* * * LOW HITPOINT WARNING * * *
You are too injured to fight recklessly!
You bite Kirke!
Kirke is almost dead.
Kirke casts a spell.
Kirke flickers and vanishes!
Deactivating autopickup; reactivate with Ctrl-A.
The sphinx hits you!
* * * LOW HITPOINT WARNING * * *
The sphinx closely misses you. The sphinx hits you!
* * * LOW HITPOINT WARNING * * *
The manticore bites you!!
You die...

###################
#HhH)......>.......
#{########.###.##..
#h #..# #..... #h
#..###.##.. #.
#.#...####.
#.#######.##.## #.
..........##.# #.
..##########.# ##
#.#


You could see a sphinx (summoned), a manticore (summoned) and 2 hogs.

Vanquished Creatures
  4 hydras
  Erolcha (D:12)
  9 death yaks
  Urug (D:12)
  Sonja (D:10)
  A cyclops (D:12)
  A manticore (D:11)
  3 black mambas
  27 elephants
  17 cane toads
  7 komodo dragons
  2 rime drakes
  2 meliai (D:12)
  2 tyrant leeches (Lair:6)
  2 polar bears (Lair:6)
  12 blink frogs
  A hornet (D:7)
  5 dream sheep (Lair:4)
  A shadow (D:9)
  A wraith (D:11)
  5 wyverns
  31 yaks
  5 hogs (D:12)
  8 vampire mosquitoes
  A steam dragon (D:8)
  2 basilisks
  An acid dragon (D:10)
  16 water moccasins
  A swamp drake (Lair:3)
  6 orc warriors
  3 black bears
  A sky beast (D:5)
  2 necrophages (D:4)
  3 ogres (D:5)
  9 wolves (Lair:1)
  9 centaurs
  2 lemures (D:5)
  2 kobold brigands
  2 phantoms
  A gnoll sergeant (D:6)
  28 bullfrogs
  3 scorpions
  A water moccasin zombie (D:5)
  A water moccasin skeleton (D:2)
  10 killer bees
  An electric eel (Lair:2)
  4 wights (D:8)
  A bullfrog zombie (D:5)
  5 howler monkeys (D:8)
  2 centaur zombies
  4 jellies
  4 hounds
  4 orc priests
  2 gnoll shamans (D:8)
  7 iguanas
  10 orc wizards
  A hound skeleton (D:4)
  2 howler monkey skeletons
  A howler monkey zombie (D:10)
  16 gnolls
  5 adders
  A white imp (D:6)
  An ufetubus (D:5)
  A worm (D:2)
  A dart slug (D:3)
  44 orcs
  4 bats
  2 endoplasms
  2 giant cockroaches
  8 goblins
  12 hobgoblins
  9 jackals
  6 quokkas
  6 ball pythons
  34 kobolds
  6 rats
459 creatures vanquished.

Vanquished Creatures (others)
  6 cane toads (Lair:6)
  2 tyrant leeches (Lair:6)
  6 blink frogs (Lair:6)
  A vampire mosquito (Lair:6)
  2 bullfrogs (Lair:6)
  An electric eel (Lair:6)
  An orc wizard (D:3)
  2 human simulacra (D:11)
  55 fungi
  146 plants
  6 starspawn tentacles (Lair:6)
228 creatures vanquished.

Grand Total: 687 creatures vanquished

Notes
Turn   | Place    | Note
-------+----------+-------------------------------------------
     0 | D:1      | dolemite99 the Minotaur Gladiator began the quest for the
                  | Orb.
     0 | D:1      | Reached XP level 1. HP: 18/18 MP: 0/0
   143 | D:1      | Reached XP level 2. HP: 20/25 MP: 1/1
  1160 | D:2      | Reached skill level 5 in Staves
  1236 | D:2      | Reached XP level 3. HP: 30/30 MP: 2/2
  1259 | D:2      | Reached XP level 4. HP: 28/37 MP: 3/3
  1339 | D:2      | Found a faded altar of an unknown god.
  1347 | D:2      | Became a worshipper of Lugonu the Unformed
  1347 | D:2      | Reached * piety under Lugonu
  1347 | D:2      | Reached ** piety under Lugonu
  1419 | D:2      | Noticed a phantom
  1422 | D:2      | Killed a phantom
  1423 | D:2      | Reached XP level 5. HP: 40/42 MP: 4/4
  1580 | D:2      | Found a sparkling altar of Nemelex Xobeh.
  2203 | D:3      | Reached *** piety under Lugonu
  2208 | D:3      | Reached XP level 6. HP: 26/50 MP: 5/5
  4356 | D:4      | Reached XP level 7. HP: 56/56 MP: 5/7
  4943 | D:5      | Entered Level 5 of the Dungeon
  5398 | D:5      | Reached skill level 5 in Invocations
  5446 | D:5      | Reached **** piety under Lugonu
  5451 | D:5      | Reached XP level 8. HP: 62/62 MP: 9/11
  5499 | D:5      | Noticed Pikel
  5685 | D:5      | Found a radiant altar of Vehumet.
  8197 | D:6      | Reached XP level 9. HP: 68/68 MP: 14/14
  8304 | D:6      | Found a staircase to the Ecumenical Temple.
  8504 | D:6      | Reached skill level 5 in Crossbows
  9300 | D:7      | Noticed Joseph
  9313 | D:7      | Paralysed by Joseph for 3 turns
  9327 | D:7      | Reached skill level 5 in Fighting
  9327 | D:7      | Banished Joseph
 10767 | D:8      | Reached XP level 10. HP: 70/91 MP: 15/15
 11080 | D:8      | Reached skill level 10 in Fighting
 13816 | D:9      | Found a staircase to the Orcish Mines.
 14081 | D:9      | Found Fiquurul's Assorted Antiques.
 14109 | D:9      | Bought a scroll labelled TOKKORPHONUQ for 26 gold pieces
 14116 | D:9      | Bought a wand of paralysis (8) for 52 gold pieces
 14116 | D:9      | Bought a potion of magic for 208 gold pieces
 14116 | D:9      | Bought a purple potion for 23 gold pieces
 14116 | D:9      | Bought a fuming grey potion for 23 gold pieces
 14116 | D:9      | Bought a purple potion for 23 gold pieces
 14116 | D:9      | Bought a fuming grey potion for 23 gold pieces
 14419 | D:9      | Found Qigo's Magic Scroll Emporium.
 14427 | D:9      | Bought a scroll of blinking for 105 gold pieces
 14475 | D:9      | Found Zojoj's Magic Scroll Boutique.
 14516 | D:9      | Found Foschadd's Book Emporium.
 14780 | D:10     | Entered Level 10 of the Dungeon
 14854 | D:10     | Found Koeciz's Armour Emporium.
 14892 | D:10     | Reached skill level 1 in Bows
 15459 | D:10     | Reached XP level 11. HP: 93/106 MP: 16/16
 15656 | D:10     | Noticed Sonja
 15677 | D:10     | Killed Sonja
 16153 | D:10     | Found a staircase to the Lair.
 16387 | D:10     | Identified the +4 falchion of Inflation {antimagic, rF+
                  | rN+++ Int-5 Stlth+}
 16444 | D:11     | Reached skill level 1 in Armour
 16824 | D:11     | Noticed a centaur warrior
 16837 | D:11     | Banished a centaur warrior
 16838 | D:11     | Reached skill level 5 in Bows
 18219 | D:9      | Bought a scroll of fear for 45 gold pieces
 18263 | Lair:1   | Entered Level 1 of the Lair of Beasts
 18376 | Lair:1   | Noticed a six-headed hydra
 18388 | Lair:1   | Banished a six-headed hydra
 19023 | Lair:1   | Found an opulent altar of Gozag.
 19117 | Lair:1   | Reached skill level 10 in Crossbows
 20055 | Lair:1   | Reached XP level 12. HP: 115/115 MP: 17/17
 20646 | D:9      | Bought a scroll of blinking for 97 gold pieces
 20897 | Lair:2   | Found a staircase to the Snake Pit.
 20899 | Lair:2   | Reached skill level 5 in Armour
 22137 | D:9      | Bought a scroll of teleportation for 39 gold pieces
 22815 | Lair:3   | Found a staircase to the Swamp.
 23510 | D:9      | Bought a scroll of teleportation for 42 gold pieces
 23711 | Lair:4   | Reached skill level 10 in Armour
 25221 | Lair:4   | Reached XP level 13. HP: 46/122 MP: 11/18
 27042 | Lair:5   | Reached skill level 10 in Staves
 28538 | D:9      | Bought a scroll of brand weapon for 260 gold pieces
 28723 | Lair:6   | Entered Level 6 of the Lair of Beasts
 28763 | Lair:6   | Corrupted Lair:6
 28763 | Lair:6   | Noticed a tentacled monstrosity
 28763 | Lair:6   | Noticed a bone dragon
 28763 | Lair:6   | Noticed a dread lich
 28764 | Lair:6   | Noticed a tentacled starspawn
 29607 | Lair:6   | Reached skill level 1 in Evocations
 29894 | Lair:6   | Reached XP level 14. HP: 132/132 MP: 19/19
 30263 | Lair:6   | Found a staircase to the Slime Pits.
 30264 | Lair:6   | Found a viscous altar of Jiyva.
 30732 | Lair:6   | Reached skill level 5 in Evocations
 32591 | D:12     | Noticed Urug
 32614 | D:12     | Killed Urug
 32796 | D:12     | Noticed Erolcha
 32802 | D:12     | Killed Erolcha
 32891 | D:12     | Noticed Kirke
 32899 | D:12     | Noticed a sphinx
 32903 | D:12     | Slain by a manticore

Illustrated notes

Levels and vault maps discovered:
D:1:      dpeg_arrival_arbitrary_b, layout_basic
D:2:      layout_basic, basic_altar, basic_ecumenical_altar, minmay_pentomino_p2
D:3:      layout_loops_ring, chequers_serial_rivers_micro_e,
          kennysheep_generic_room_9
D:4:      layout_basic
D:5:      layout_loops_corners, lemuel_tele_altar, kennysheep_cross_bottleneck,
          chequers_mini_garden, uniq_pikel
D:6:      nicolae_whirlpool, layout_rooms, minmay_temple_entry_waves,
          palyth_stone_intersect
D:7:      layout_cave_pods, uniq_joseph
D:8:      layout_basic, st_stairs_7
D:9:      kennysheep_kobold_camp, layout_cave_pools, serial_shops,
          kennysheep_mini, nicolae_shop_crystal, nicolae_diamond_shop,
          kennysheep_little_box, st_stairs_4
D:10:     layout_stronghold, grunt_lair_entry_orc_guard_hut,
          chequers_serial_rivers_small_a, kennysheep_windowed_goal, uniq_sonja
D:11:     layout_rooms, bh_circular_ruins
D:12:     minmay_razor_zed, layout_loops_ring, serial_shops,
          nicolae_lakefront_shop, kennysheep_generic_room_12, uniq_kirke,
          uniq_urug, uniq_erolcha
Lair:1:   layout_long_grid, basic_altar, grunt_megastairs_2,
          serial_bayou_shore_b
Lair:2:   layout_gridlike, minmay_snake_entry_six_corridors, minivault_19,
          infiniplex_staircase_pool_2, serial_bayou_shore_b
Lair:3:   layout_regular_city, minmay_swamp_entry_reptiles
Lair:4:   layout_cellular_growth
Lair:5:   cheibrodos_lair_river_kwai, layout_layer_cave, grunt_megastairs_5
Lair:6:   minmay_lair_end_frog_pond, layout_regular_city, slime_altar_1,
          fungi_pond_lemuel

Skill      XL: |  1  2  3  4  5  6  7  8  9 10 11 12 13 14 |
---------------+-------------------------------------------+-----
Staves         | 4 5 6 7 8 9 11 | 11.9
Invocations    | 2 5 8 |  8.5
Crossbows      | 3 5 10 | 10.6
Fighting       | 9 12 13 14 | 14.0
Throwing       | 3 |  3.5
Bows           | 3 5 |  5.0
Armour         | 3 12 14 | 14.7
Evocations     | 2 7 |  7.3
Dodging        | |  3.2

Action                   |  1- 3 |  4- 6 |  7- 9 | 10-12 | 13-15 || total
-------------------------+-------+-------+-------+-------+-------++-------
Melee: Quarterstaff      |    73 |   145 |    47 |   393 |   230 ||   888
       Headbutt          |     6 |    28 |    21 |    71 |    58 ||   184
       Whip              |       |       |     9 |       |       ||     9
       Unarmed           |       |       |       |       |     3 ||     3
 Fire: Hand crossbow     |       |    11 |   230 |   283 |   401 ||   925
       Shortbow          |       |       |       |   126 |       ||   126
Throw: Throwing net      |       |       |     2 |       |       ||     2
       Dart              |       |       |       |    32 |    10 ||    42
Invok: Banish            |       |       |     4 |    24 |     6 ||    34
       Bend Space        |       |       |       |     1 |       ||     1
       Corrupt           |       |       |       |       |     1 ||     1
Evoke: Wand              |       |       |       |     9 |     2 ||    11
  Use: Potion            |       |     1 |     1 |     8 |       ||    10
       Scroll            |       |       |    17 |    12 |     8 ||    37
 Stab: Paralysed         |       |       |       |     6 |       ||     6
Armor: Leather armour    |     5 |       |       |       |       ||     5
       Chain mail        |    24 |    75 |    66 |    61 |       ||   226
       Plate armour      |       |       |       |   254 |   198 ||   452
       Skin              |       |       |       |    38 |       ||    38
       Gold dragon scale |       |       |       |       |   123 ||   123
Dodge: Dodged            |    29 |    64 |    98 |   380 |   304 ||   875
Block: Other             |       |    21 |    56 |   136 |       ||   213
       Reflection        |       |       |     5 |    11 |       ||    16

Table legend: (Time is in decaauts)
 A = Elapsed time spent in this place.
 B = Non-inter-level travel time spent in this place.
 C = Inter-level travel time spent in this place.
 D = Time resting spent in this place.
 E = Time spent auto-exploring this place.
 F = Levels seen in this place.
 G = Mean time per level.
                   A        B        C        D        E       F      G
               +--------+--------+--------+--------+--------+-----+--------+
         Total |  32924 |  30601 |   2323 |  11862 |  13400 |  18 | 1829.1 |
       Dungeon |  19508 |  18271 |   1237 |   7829 |   7378 |  12 | 1625.7 |
          Lair |  13416 |  12331 |   1085 |   4032 |   6022 |   6 | 2236.0 |
               +--------+--------+--------+--------+--------+-----+--------+

Top non-repeatable levels by time:
     D:8: 3325 daAuts
  Lair:5: 3205 daAuts
    D:10: 2655 daAuts
  Lair:1: 2575 daAuts
  Lair:6: 2392 daAuts
     D:5: 2356 daAuts
  Lair:4: 2285 daAuts
     D:3: 1930 daAuts
     D:6: 1767 daAuts
  Lair:3: 1496 daAuts
  Lair:2: 1460 daAuts
     D:7: 1353 daAuts
     D:9: 1336 daAuts
     D:1: 1159 daAuts
    D:11: 1031 daAuts
